 Dungeon Crawl Stone Soup version 0.28.0-45-g0d030f2227 (webtiles) character file.

Game seed: 11269734736224163862

30 pkoi the Digger (level 2, -1/20 HPs)
             Began as a Demigod Earth Elementalist on Apr 4, 2022.
             Slain by a goblin
             ... wielding a +0 club
             ... led by Robin
              (5 damage)
             ... on level 2 of the Dungeon.
             The game lasted 00:01:34 (1734 turns).

pkoi the Digger (Demigod Earth Elementalist)        Turns: 1734, Time: 00:01:35

Health: -1/20      AC:  3    Str:  9    XL:     2   Next: 84%
Magic:  6/7        EV: 12    Int: 17    God:
Gold:   83         SH:  0    Dex: 14    Spells: 3/4 levels left

rFire   . . .      SeeInvis .   j - +0 hand axe (flame)
rCold   . . .      Faith    .   (no shield)
rNeg    . . .      Spirit   .   b - +0 robe
rPois   .          Reflect  .   l - +0 helmet
rElec   .          Harm     .   (no cloak)
rCorr   .          Rampage  .   (no gloves)
Will    .....                   (no boots)
Stlth   ++........              (no amulet)
HPRegen 0.06/turn               (no ring)
MPRegen 0.10/turn               (no ring)

@: very slightly contaminated
A: high MP 1, forlorn, divine attributes
a: no special abilities


You were on level 2 of the Dungeon.
You visited 1 branch of the dungeon, and saw 2 of its levels.

You collected 83 gold pieces.

Inventory:

Hand Weapons
 e - a +0 dagger
 g - a +0 whip
 j - a +0 hand axe of flaming (weapon)
Missiles
 c - 8 stones
Armour
 b - a +0 robe (worn)
 l - a +0 helmet (worn)
Wands
 k - a wand of iceblast (9)
Scrolls
 a - a scroll of amnesia {unknown}
 i - a scroll of silence {unknown}
 m - a scroll of identify {unknown}
Potions
 d - 2 potions of resistance {unknown}
 f - a potion of might {unknown}
 h - 2 potions of attraction {unknown}
 n - a potion of curing {unknown}
 o - a potion of brilliance {unknown}


   Skills:
 - Level 1.7 Dodging
 - Level 1.7 Stealth
 + Level 0.9 Unarmed Combat
 - Level 1.7 Spellcasting
 + Level 1.4 Transmutations
 + Level 3.3 Earth Magic


You had 3 spell levels left.
You knew the following spells:

 Your Spells              Type           Power      Damage    Failure   Level
a - Sandblast             Erth           24%        2d8       4%          1

Your spell library contained the following spells:

 Spells                   Type           Power      Damage    Failure   Level
 Passwall                 Tmut/Erth      7%         N/A       11%         2
 Stone Arrow              Conj/Erth      14%        3d7       30%         3
 Petrify                  Tmut/Erth      9%         N/A       58%         4


Dungeon Overview and Level Annotations

Branches:
Dungeon (2/15)

Annotations:
D:2 Robin


Innate Abilities, Weirdness & Mutations

You have an increased reservoir of magic. (+10% MP)
You shall have no god before yourself.
Your divine heritage dramatically boosts your attributes as you level up.


Message History

The goblin unwields a +0 dagger of venom.
It stops dripping with poison.
The goblin wields a +0 hunting sling.
The goblin shoots a sling bullet.
The sling bullet barely misses you.
A goblin comes into view. It is wielding a +0 club.
You hear a bark!
You hear a shout!
You hear an angry hiss.
Robin and 5 goblins come into view.
A goblin is wielding a +2 dagger of draining.
The goblin shouts! x2; Robin shouts!
A jackal comes into view.
The goblin shouts!
You hear a bark!
A goblin comes into view. It is wielding a +0 club.
A hobgoblin comes into view.
Robin roars a battlecry!
The goblins go into a battle-frenzy!
The goblin shouts!
Robin roars a battlecry!
Robin throws the goblin at you!
You completely miss the goblin. You closely miss the goblin.
The goblin completely misses you. Robin throws the goblin at you!
* * * LOW HITPOINT WARNING * * *
The goblin hits you with a +0 club.
* * * LOW HITPOINT WARNING * * *
The goblin misses you.
Unknown command.
You closely miss the goblin. You hit the goblin but do no damage.
You hit the goblin. You burn the goblin. The goblin closely misses you. x2
Robin roars a battlecry!
The goblin hits you with a +0 dagger.
* * * LOW HITPOINT WARNING * * *
Aiming: Sandblast (safe; 4% risk of failure)
Press: ? - help, Q - select action, (/) - cycle Shift-Dir - straight line, f - goblin
Aim: a goblin, wielding a +0 dagger (strong, 74% to hit)
You miscast Sandblast.
You are very lightly contaminated with residual magic.
Nothing appears to happen.
The goblin hits you with a +0 club.
* * * LOW HITPOINT WARNING * * *
A goblin comes into view. It is wielding a +0 club.
The goblin hits you with a +0 club.
You die...

###.....#####.#.#
#.....[.......#
#...........##
#............####
#............... g
#...........### ##.g
##.<.......## ##...#
##.......##########...#.#
####..#.###@ggggggg....#
#.....#...gg####hg.####
##.###....#### ##.###
#####..###....# #..#
......#......## #.##
......#.###...# #.#
......#.###.#.## ##.#
#######.##..#..# #..#
#....###.####.##


You could see Robin, a jackal and 9 goblins.

Vanquished Creatures
  2 bats (D:2)
  6 endoplasms
  5 goblins
  2 hobgoblins (D:1)
  2 quokkas
  3 ball pythons (D:1)
  A frilled lizard (D:1)
  3 kobolds (D:1)
  3 rats (D:1)
27 creatures vanquished.

Notes
Turn   | Place    | Note
-------+----------+-------------------------------------------
     0 | D:1      | pkoi the Demigod Earth Elementalist began the quest for the
                  | Orb.
     0 | D:1      | Reached XP level 1. HP: 14/14 MP: 5/5
   121 | D:1      | Reached skill level 3 in Earth Magic
   193 | D:1      | Reached skill level 1 in Transmutations
   221 | D:1      | Noticed a golden eye
   223 | D:1      | Noticed an eye of devastation
   223 | D:1      | Noticed a golden eye
   223 | D:1      | Noticed a floating eye
   227 | D:1      | Reached XP level 2. HP: 20/20 MP: 5/7
  1725 | D:2      | Noticed Robin
  1734 | D:2      | Slain by a goblin

Illustrated notes

Levels and vault maps discovered:
D:1:      sevenhm_arrival_forest_fort_large_2, layout_rooms,
          hellmonk_ecumenical_altar_watching_god
D:2:      layout_rooms, uniq_robin, uniq_crazy_yiuf_cottage

Skill      XL: |  1 |
---------------+----+-----
Earth Magic    | 3 |  3.3
Transmutations | 1 |  1.4
Dodging        | |  1.7
Stealth        | |  1.7
Unarmed Combat | |  0.9
Spellcasting   | |  1.7

Action                   || total
-------------------------++-------
Melee: Dagger            ||    30
       Hand axe          ||    11
 Cast: Sandblast         ||    23
 Stab: Sleeping          ||     1
Armor: Robe              ||     6
Dodge: Dodged            ||    29
